 Dungeon Crawl Stone Soup version 0.25.1-2-g60ff931df9 (webtiles) character file.

Game seed: 17147212681771157967

377 DerDa the Covered (level 6, -2/79 HPs)
             Began as a Gnoll Wanderer on Oct 10, 2020.
             Killed from afar by Ijyb (12 damage)
             ... with a bolt of acid
             ... on level 3 of the Dungeon.
             The game lasted 00:05:31 (3081 turns).

DerDa the Covered (Gnoll Wanderer)                  Turns: 3081, Time: 00:05:32

Health: -2/79      AC: 23    Str: 16    XL:     6   Next: 73%
Magic:  9/9        EV:  2    Int: 15    God:
Gold:   165        SH:  0    Dex: 14    Spells: 9/9 levels left

rFire    . . .     SeeInvis .   g - +0 whip (freeze)
rCold    . . .     Gourm    .   (no shield)
rNeg     + + +     Faith    .   (armour currently unavailable)
rPois    +         Spirit   .   (helmet currently unavailable)
rElec    .         Reflect  .   (cloak currently unavailable)
rCorr    .         Harm     .   (gloves currently unavailable)
MR       .....     NoTele   +   (boots currently unavailable)
Stlth    ++........             (no amulet)
HPRegen  0.23/turn              k - +4 ring of evasion
MPRegen  0.11/turn              (no ring)

@: tree-form
A: distributed training, strong nose
a: no special abilities


You were on level 3 of the Dungeon.
You were not hungry.
You were a tree.
You visited 1 branch of the dungeon, and saw 3 of its levels.

You collected 165 gold pieces.

Inventory:

Hand Weapons
 a - a +2 mace
 g - a +0 whip of freezing (weapon)
Missiles
 e - 3 boomerangs (quivered)
 h - 50 sling bullets
 s - 20 poisoned darts
Armour
 c - a +0 ring mail (melded)
Jewellery
 k - a +4 ring of evasion (left branch)
Scrolls
 f - 4 scrolls of identify {unknown}
 i - 3 scrolls of remove curse {unknown}
 l - 2 scrolls of teleportation {unknown}
 n - a scroll of magic mapping {unknown}
 o - a scroll of amnesia {unknown}
 p - a scroll of fear {unknown}
 r - a scroll of immolation {unknown}
Potions
 j - a potion of heal wounds {unknown}
 m - a potion of magic {unknown}
Comestibles
 d - 8 rations
 q - a chunk of flesh


   Skills:
 + Level 6.8 Fighting
 + Level 2.0 Short Blades
 + Level 2.0 Long Blades
 + Level 2.0 Axes
 + Level 5.0 Maces & Flails
 + Level 2.0 Polearms
 + Level 2.0 Staves
 + Level 2.0 Slings
 + Level 2.0 Bows
 + Level 2.0 Crossbows
 + Level 3.3 Throwing
 + Level 6.8 Armour
 + Level 2.0 Dodging
 + Level 2.0 Stealth
 + Level 2.0 Shields
 + Level 2.0 Unarmed Combat
 + Level 2.0 Spellcasting
 + Level 1.6 Conjurations
 + Level 1.6 Hexes
 + Level 1.6 Charms
 + Level 1.6 Summonings
 + Level 1.6 Necromancy
 + Level 1.6 Translocations
 + Level 1.6 Transmutations
 + Level 1.6 Fire Magic
 + Level 1.6 Ice Magic
 + Level 1.6 Air Magic
 + Level 1.6 Earth Magic
 + Level 1.6 Poison Magic
 + Level 2.2 Invocations
 + Level 3.3 Evocations


You had 9 spell levels left.
You didn't know any spells.
Your spell library was empty.

Dungeon Overview and Level Annotations

Branches:
Dungeon (3/15)

Altars:
Vehumet
Wu Jian

Annotations:
D:3 Ijyb


Innate Abilities, Weirdness & Mutations

Your experience applies equally to all skills.
((You have very sharp teeth.))
Your uncanny sense of smell can sniff out nearby items.


Message History

Unknown command.
You turn into a tree.
Your +0 ring mail melds into your body.
Your roots penetrate the ground.
Ijyb hits you.
Your +0 whip of freezing glows with a cold blue light!
g - a +0 whip of freezing (weapon)
Ijyb zaps a wand.
The bolt of acid hits you!
* * * LOW HITPOINT WARNING * * *
You are splashed with acid!
* * * LOW HITPOINT WARNING * * *
You closely miss Ijyb. Ijyb hits you but does no damage.
You hit Ijyb but do no damage. Ijyb hits you but does no damage.
You closely miss Ijyb. You hit Ijyb but do no damage.
Ijyb hits you but does no damage.
You hit Ijyb. You freeze Ijyb.
Ijyb is moderately wounded.
Ijyb hits you but does no damage.
You hit Ijyb. You freeze Ijyb.
Ijyb is heavily wounded.
Ijyb zaps a wand.
The bolt of acid hits you!
You die...

........# ..÷.....####
...))......#
.#.##)..##.###. #
.#.##).#....... #####..
#.....##...## .......
...÷......## .......
...##.##..#######.......
.^.##.##.##.(..)♣g......
..###.##....#######.#.##
#.# #.##..### ..#
#....## ..##.<.###
..#.... ....# #..## ....
∆


You could see Ijyb.

Vanquished Creatures
  A howler monkey (D:3)
  A hound (D:2)
  2 orc priests
  An orc wizard (D:3)
  An iguana (D:3)
  4 gnolls (D:3)
  6 adders
  A worm (D:2)
  A dart slug (D:1)
  2 leopard geckos (D:1)
  9 orcs
  A giant cockroach (D:2)
  10 goblins
  10 hobgoblins
  7 jackals
  13 kobolds
  A ball python (D:2)
  10 bats
  6 frilled lizards
  8 rats
95 creatures vanquished.

Notes
Turn   | Place    | Note
-------+----------+-------------------------------------------
     0 | D:1      | DerDa the Gnoll Wanderer began the quest for the Orb.
     0 | D:1      | DerDa set off with the following items: a +2 mace, a potion
                  | of lignification, a +0 ring mail, a ration
     0 | D:1      | Reached XP level 1. HP: 23/23 MP: 2/2
   122 | D:1      | Reached XP level 2. HP: 22/29 MP: 3/3
   507 | D:1      | Reached XP level 3. HP: 30/35 MP: 4/4
   685 | D:1      | You fall into a shaft and drop 1 floor!
   750 | D:1      | Reached skill level 1 in Invocations
  1252 | D:2      | Reached skill level 1 in Short Blades
  1252 | D:2      | Reached skill level 1 in Long Blades
  1252 | D:2      | Reached skill level 1 in Axes
  1252 | D:2      | Reached skill level 1 in Polearms
  1252 | D:2      | Reached skill level 1 in Staves
  1252 | D:2      | Reached skill level 1 in Slings
  1252 | D:2      | Reached skill level 1 in Bows
  1252 | D:2      | Reached skill level 1 in Crossbows
  1252 | D:2      | Reached skill level 1 in Dodging
  1252 | D:2      | Reached skill level 1 in Stealth
  1252 | D:2      | Reached skill level 1 in Shields
  1252 | D:2      | Reached skill level 1 in Unarmed Combat
  1252 | D:2      | Reached skill level 1 in Spellcasting
  1252 | D:2      | Reached XP level 4. HP: 34/41 MP: 4/6
  1412 | D:2      | Reached skill level 1 in Conjurations
  1412 | D:2      | Reached skill level 1 in Hexes
  1412 | D:2      | Reached skill level 1 in Charms
  1412 | D:2      | Reached skill level 1 in Summonings
  1412 | D:2      | Reached skill level 1 in Necromancy
  1412 | D:2      | Reached skill level 1 in Translocations
  1412 | D:2      | Reached skill level 1 in Transmutations
  1412 | D:2      | Reached skill level 1 in Fire Magic
  1412 | D:2      | Reached skill level 1 in Ice Magic
  1412 | D:2      | Reached skill level 1 in Air Magic
  1412 | D:2      | Reached skill level 1 in Earth Magic
  1412 | D:2      | Reached skill level 1 in Poison Magic
  1412 | D:2      | Reached XP level 5. HP: 32/47 MP: 7/7
  1690 | D:2      | Found a radiant altar of Vehumet.
  2053 | D:2      | Found an ornate altar of the Wu Jian Council.
  2237 | D:3      | Reached XP level 6. HP: 22/53 MP: 8/8
  2817 | D:3      | Reached skill level 5 in Maces & Flails
  3070 | D:3      | Noticed Ijyb
  3081 | D:3      | Killed from afar by Ijyb

Illustrated notes

Levels and vault maps discovered:
D:1:      wheals_arrival_linesprint, layout_loops_ring, minmay_tromino_v4_c
D:2:      layout_rooms, vehumet_crystals, marbit_many_paths
D:3:      minmay_chambers_of_twos, layout_rooms, trog_wizard, uniq_ijyb

Skill      XL: |  1  2  3  4  5  6 |
---------------+-------------------+-----
Invocations    | 1 2 |  2.2
Short Blades   | 1 2 |  2.0
Long Blades    | 1 2 |  2.0
Axes           | 1 2 |  2.0
Polearms       | 1 2 |  2.0
Staves         | 1 2 |  2.0
Slings         | 1 2 |  2.0
Bows           | 1 2 |  2.0
Crossbows      | 1 2 |  2.0
Dodging        | 1 2 |  2.0
Stealth        | 1 2 |  2.0
Shields        | 1 2 |  2.0
Unarmed Combat | 1 2 |  2.0
Spellcasting   | 1 2 |  2.0
Conjurations   | 1 |  1.6
Hexes          | 1 |  1.6
Charms         | 1 |  1.6
Summonings     | 1 |  1.6
Necromancy     | 1 |  1.6
Translocations | 1 |  1.6
Transmutations | 1 |  1.6
Fire Magic     | 1 |  1.6
Ice Magic      | 1 |  1.6
Air Magic      | 1 |  1.6
Earth Magic    | 1 |  1.6
Poison Magic   | 1 |  1.6
Throwing       | 3 |  3.3
Evocations     | 3 |  3.3
Maces & Flails | 5 |  5.0
Fighting       | |  6.8
Armour         | |  6.8

Action                   |  1- 3 |  4- 6 || total
-------------------------+-------+-------++-------
Melee: Mace              |    97 |   186 ||   283
       Bite              |    10 |    15 ||    25
       Whip              |       |     6 ||     6
Throw: Boomerang         |     2 |       ||     2
  Use: Potion            |       |     1 ||     1
  Eat: Chunk             |     1 |     6 ||     7
Armor: Ring mail         |    35 |    39 ||    74
       Skin              |       |     4 ||     4
Dodge: Dodged            |    80 |   181 ||   261
